 Dungeon Crawl Stone Soup version 0.30-b1-2-g02819fbbbe (webtiles) character file.

Game seed: 3079900490660092958

713 Alarion00 the Chopper (level 7, -2/64 HPs)
             Began as a Hill Orc Fighter on May 30, 2023.
             Slain by a basilisk (12 damage)
             ... on level 5 of the Dungeon.
             The game lasted 00:14:25 (3776 turns).

Alarion00 the Chopper (Hill Orc Fighter)            Turns: 3776, Time: 00:14:26

Health: -2/64      AC: 12    Str: 21    XL:     7   Next: 69%
Magic:  7/7        EV:  9    Int:  8    God:
Gold:   205        SH:  4    Dex: 10    Spells: 6/6 levels left

rFire   . . .        a - +0 war axe
rCold   . . .        c - +0 buckler
rNeg    . . .        b - +1 scale mail
rPois   .            (no helmet)
rElec   .            (no cloak)
rCorr   .            J - +2 pair of gloves
SInv    .            k - +0 pair of boots
Will    .....        (no amulet) Stlth
                     (no ring)
HPRegen 0.30/turn    (no ring)
MPRegen 0.10/turn

%: no passive effects
@: no status effects
A: no striking features
a: no special abilities


You were on level 5 of the Dungeon.
You visited 1 branch of the dungeon, and saw 5 of its levels.

You collected 205 gold pieces.

Inventory:

Hand Weapons
 a - a +0 war axe (weapon)
 o - a +0 dagger
 p - a +0 dagger
 q - a +0 dagger
 z - a +0 dagger
 G - a +0 dagger
 P - a +0 dagger
Missiles
 i - 18 poisoned darts (quivered)
 r - 4 silver javelins
Armour
 b - a +1 scale mail (worn)
 c - a +0 buckler (worn)
 k - a +0 pair of boots (worn)
 J - a +2 pair of gloves (worn)
Jewellery
 e - a ring of see invisible
 K - a +5 ring of evasion
 L - an amulet of reflection
 N - a ring of wizardry
 Q - a +6 ring of dexterity
Wands
 f - a wand of flame (8)
 s - a wand of polymorph (6)
 O - a wand of charming (5)
Scrolls
 l - a scroll of enchant weapon {unknown}
 m - 2 scrolls of fear {unknown}
 w - 3 scrolls of fog
 y - a scroll of enchant armour
 B - a scroll of immolation {unknown}
 E - a scroll of amnesia {unknown}
 F - a scroll of vulnerability
 H - 2 scrolls of identify {unknown}
 M - a scroll of brand weapon {unknown}
 R - a scroll of teleportation {unknown}
Potions
 d - 2 potions of might
 g - a potion of resistance {unknown}
 h - a potion of invisibility
 j - a potion of heal wounds {unknown}
 n - a potion of cancellation
 t - a potion of attraction {unknown}
 u - a potion of ambrosia {unknown}
 v - a potion of flight
 x - a potion of lignification {unknown}
 A - a potion of berserk rage {unknown}
 C - a potion of magic {unknown}
 D - 3 potions of curing
 I - a potion of brilliance {unknown}


   Skills:
 * Level 6.6 Fighting
 + Level 7.4 Axes
 + Level 4.9 Armour
 + Level 4.2 Shields


You had 6 spell levels left.
You didn't know any spells.
Your spell library contained the following spells:

 Spells                   Type           Power      Damage    Failure   Level
 Sandblast                Erth           0%         2d4       80%         1
 Passwall                 Tmut/Erth      0%         N/A       91%         2
 Scorch                   Fire           0%         2d5       91%         2
 Call Canine Familiar     Summ           0%         N/A       99%         3
 Inner Flame              Hex/Fire       0%         N/A       99%         3
 Portal Projectile        Hex/Tloc       0%         N/A       99%         3
 Stone Arrow              Conj/Erth      0%         3d7       99%         3
 Flame Wave               Conj/Fire      0%         2d4       100%        4
 Leda's Liquefaction      Hex/Erth       0%         N/A       100%        4
 Yara's Violent Unravell  Hex/Tmut       0%         3d3       100%        5
 Summon Cactus Giant      Summ           0%         N/A       100%        6
 Enfeeble                 Hex            0%         N/A       100%        7


Dungeon Overview and Level Annotations

Branches:
Dungeon (5/15)             Temple (0/1) D:4

Altars:
Nemelex Xobeh

Shops:
D:4 [


Message History

The basilisk is moderately wounded.
The basilisk bites you but does no damage.
Cleave: a) +0 war axe
Press: ? - help, Dir - move target, f/p - basilisk
Aim: a basilisk (moderately wounded, about 47% to evade your +0 war axe)
You slash the basilisk!
The basilisk is severely wounded.
The basilisk bites you but does no damage.
Cleave: a) +0 war axe
Press: ? - help, Dir - move target, f/p - basilisk
Aim: a basilisk (severely wounded, about 47% to evade your +0 war axe)
You hit the basilisk.
The basilisk is severely wounded.
You block the basilisk's attack.
Cleave: a) +0 war axe
Press: ? - help, Dir - move target, f/p - basilisk
Aim: a basilisk (severely wounded, about 47% to evade your +0 war axe)
You barely miss the basilisk.
The basilisk is severely wounded.
The basilisk gazes at you.
You are slowing down.
The basilisk bites you!
You hit the basilisk.
The basilisk is severely wounded.
The basilisk gazes at you.
Your limbs have turned to stone.
You have turned to stone.
The basilisk gazes at you. The basilisk bites you.
The basilisk bites you but does no damage.
The basilisk gazes at you. The basilisk bites you! x2
The basilisk gazes at you.
You turn to flesh and can move again.
Unknown command.
You barely miss the basilisk.
The basilisk is severely wounded.
The basilisk bites you!
* * * LOW HITPOINT WARNING * * *
The basilisk bites you!
You die...

#.....## ......
#.#...... .....#
#.#.....# .# #.....
#.#.....# .#....##..
##.#.....##.#.#..##..
#........##.#.#..####
#.............#....
####.....###)......... #
.......@...#............
###....l...#............
#...)....#....<.......
#........###.#........
#.#.##................
#.#. #######.......... #
#. #...#..#### #.
#......# ##.##..#


You could see a basilisk.

Vanquished Creatures
  Sigmund (D:2)
  Pargi (D:3)
  A phantom (D:4)
  A howler monkey (D:4)
  A hound (D:3)
  Natasha (thrice) (D:2)
  Robin (D:2)
  4 gnolls (D:2)
  9 adders
  2 worms
  2 dart slugs
  3 orcs
  6 ball pythons
  5 bats
  5 endoplasms
  5 giant cockroaches
  15 goblins
  12 hobgoblins
  7 jackals
  4 kobolds (D:3)
  3 quokkas
  8 frilled lizards
  5 rats
104 creatures vanquished.

Vanquished Creatures (others)
  4 fungi (D:2)
  20 plants
24 creatures vanquished.

Grand Total: 128 creatures vanquished

Notes
Turn   | Place    | Note
-------+----------+-------------------------------------------
     0 | D:1      | Alarion00 the Hill Orc Fighter began the quest for the Orb.
     0 | D:1      | Reached XP level 1. HP: 19/19 MP: 1/1
   190 | D:1      | Reached XP level 2. HP: 27/27 MP: 2/2
   983 | D:2      | Noticed Robin
   989 | D:2      | Reached skill level 3 in Axes
   995 | D:2      | Reached XP level 3. HP: 23/33 MP: 3/3
   996 | D:2      | Killed Robin
  1133 | D:2      | Noticed Sigmund
  1156 | D:2      | Killed Sigmund
  1157 | D:2      | Reached skill level 5 in Fighting
  1157 | D:2      | Reached skill level 4 in Axes
  1157 | D:2      | Reached XP level 4. HP: 19/42 MP: 4/4
  1157 | D:2      | Reached XP level 5. HP: 22/48 MP: 5/5
  1429 | D:2      | Reached skill level 5 in Axes
  1429 | D:2      | Noticed Natasha
  1431 | D:2      | Reached XP level 6. HP: 46/56 MP: 6/6
  1448 | D:2      | Killed Natasha
  1605 | D:2      | Noticed Natasha
  1618 | D:2      | Killed Natasha
  1671 | D:2      | Noticed Natasha
  1679 | D:2      | Killed Natasha
  1687 | D:2      | Found a faded altar of an unknown god.
  2028 | D:3      | Found a sparkling altar of Nemelex Xobeh.
  2198 | D:3      | Noticed Pargi
  2212 | D:3      | Killed Pargi
  2213 | D:3      | Reached skill level 6 in Axes
  2213 | D:3      | Reached XP level 7. HP: 61/63 MP: 7/7
  2829 | D:4      | Reached skill level 7 in Axes
  2944 | D:4      | Found Xugikuiq's Armour Shoppe.
  2982 | D:4      | Found a staircase to the Ecumenical Temple.
  3496 | D:5      | Entered Level 5 of the Dungeon
  3749 | D:5      | an ogre changed into a basilisk
  3749 | D:5      | Noticed a basilisk
  3776 | D:5      | Slain by a basilisk

Illustrated notes

Levels and vault maps discovered:
D:1:      kennysheep_arrival_seaside, layout_basic, grunt_decor_junction,
          chequers_serial_rivers_room_b, roderic_nine_men_s_morris,
          feat_on_display
D:2:      layout_rooms, dreamdust_ecumenical_altar_grove, nicolae_grassy_gnolls,
          uniq_sigmund, uniq_natasha, uniq_robin
D:3:      minmay_bubble_buster, layout_basic, mainiacjoe_overflow_brackets,
          uniq_pargi
D:4:      layout_loops_ring, minmay_temple_entry_waves, serial_shops,
          nicolae_shop_just_a_little_nook, serial_forest,
          infiniplex_forest_lined_4_way, infiniplex_forest_end_1,
          infiniplex_forest_zigzag_2, infiniplex_forest_clump_medium,
          infiniplex_forest_diagonal, infiniplex_forest_straight_4,
          infiniplex_forest_fountain, infiniplex_forest_lined_4_way,
          infiniplex_forest_end_1, minmay_surrounded
D:5:      layout_basic, serial_shops, shop, amethyst_killhole,
          nicolae_nh_oracle_at_delphi

Skill      XL: |  1  2  3  4  5  6  7 |
---------------+----------------------+-----
Fighting       | 4 5 6 |  6.6
Axes           | 3 4 5 6 7 |  7.4
Armour         | 4 |  4.9
Shields        | 4 |  4.2

Action                     |  1- 3 |  4- 6 |  7- 9 || total
---------------------------+-------+-------+-------++-------
  Melee: War axe           |    70 |    98 |   131 ||   299
  Throw: Dart              |    11 |    19 |     7 ||    37
  Evoke: Wand              |       |       |     1 ||     1
    Use: Potion            |       |     2 |     3 ||     5
         Scroll            |       |       |     3 ||     3
 Armour: Scale mail        |    37 |    86 |    64 ||   187
  Dodge: Dodged            |    45 |    63 |    57 ||   165
  Block: Buckler           |    15 |    19 |    16 ||    50
